 Dungeon Crawl Stone Soup version 0.22-a0-558-gc224181 (webtiles) character file.

18 Lianjan the Shooter (level 2, 0/24 HPs)
             Began as a Centaur Hunter on June 27, 2018.
             Slain by a kobold
             ... wielding a +0 dagger
              (3 damage)
             ... on level 1 of the Dungeon.
             The game lasted 00:01:45 (865 turns).

Lianjan the Shooter (Centaur Hunter)                 Turns: 865, Time: 00:01:45

Health: 0/24       AC:  5    Str: 14    XL:     2   Next: 51%
Magic:  2/2        EV:  8    Int: 10    God:
Gold:   19         SH:  0    Dex:  9    Spells: 1/1 levels left

rFire    . . .     SeeInvis .   a - +1 shortbow
rCold    . . .     Gourm    .   (shield currently unavailable)
rNeg     . . .     Faith    .   i - +0 ring mail
rPois    .         Spirit   .   (no helmet)
rElec    .         Reflect  .   (no cloak)
rCorr    .         Harm     .   (no gloves)
MR       .....                  (no barding)
Stlth    ..........             (no amulet)
HPRegen  0.08/turn              (no ring)
MPRegen  0.08/turn              (no ring)

@: very quick
A: large, hooves 3, deformed body, speed 2, tough skin 3
a: no special abilities


You were on level 1 of the Dungeon.
You were not hungry.

You visited 1 branch of the dungeon, and saw 1 of its levels.

You collected 19 gold pieces.

Inventory:

Hand Weapons
 a - a +1 shortbow (weapon)
Missiles
 d - 10 arrows (quivered)
Armour
 c - a +0 leather armour
 i - a +0 ring mail (worn)
Scrolls
 e - a scroll of identify {unknown}
Potions
 b - a potion of lignification {unknown}
 h - a potion of haste {unknown}
 j - 2 potions of curing {unknown}
Comestibles
 f - a ration
 g - a chunk of flesh


   Skills:
 + Level 2.3 Fighting
 * Level 5.8 Bows
 - Level 1.3 Dodging
 - Level 0.4 Stealth
 + Level 0.9 Unarmed Combat


You had one spell level left.
You didn't know any spells.
Your spell library was empty.

Dungeon Overview and Level Annotations

Branches:
Dungeon (1/15)

Altars:


Innate Abilities, Weirdness & Mutations

You have hooves in place of feet.
Armour fits poorly on your strangely shaped body.
You cover ground very quickly.
You have extremely tough skin. (AC +3)


Message History

You shoot an arrow. The arrow hits the jackal.
The jackal is lightly wounded.
The jackal bites you but does no damage.
Firing (i - inventory)
d - 13 arrows (quivered)
Press: ? - help, Shift-Dir - straight line, f/p - jackal
Aim: a jackal (lightly wounded)
You shoot an arrow. The arrow misses the jackal.
The jackal closely misses you. The jackal barely misses you.
Firing (i - inventory)
d - 12 arrows (quivered)
Press: ? - help, Shift-Dir - straight line, f/p - jackal
Aim: a jackal (lightly wounded)
You shoot an arrow. The arrow closely misses the jackal.
The jackal bites you.
* * * LOW HITPOINT WARNING * * *
Firing (i - inventory)
d - 11 arrows (quivered)
Press: ? - help, Shift-Dir - straight line, f/p - jackal
Aim: a jackal (lightly wounded)
You shoot an arrow. The arrow hits the jackal.
You kill the jackal!
The kobold hits you with a dagger.
You die...

#########################
####..>)...h@K........h(...##
#####....#.#.################....
....'....#+#.############ #....
#####...#....h..(...#...# #.... #
#...#......(....#...# #h... #
#...#...........#...# #.... #
#...#...........#..)#####.... #
#...#...........+...'...'.... #
#####...........#...#####....


You could see a jackal and a kobold.

Vanquished Creatures
  An ooze (D:1)
  A leopard gecko (D:1)
  A giant cockroach (D:1)
  2 hobgoblins (D:1)
  3 jackals (D:1)
  2 bats (D:1)
  A goblin (D:1)
  A rat (D:1)
12 creatures vanquished.

Notes
Turn   | Place    | Note
-------+----------+-------------------------------------------
     0 | D:1      | Lianjan the Centaur Hunter began the quest for the Orb.
     0 | D:1      | Reached XP level 1. HP: 17/17 MP: 1/1
    63 | D:1      | Reached XP level 2. HP: 7/24 MP: 2/2
   865 | D:1      | Slain by a kobold

Vault maps used:
D:1:      lemuel_arrival_funnel

Action                   || total
-------------------------++-------
Melee: Unarmed           ||    71
       Kick              ||    10
       Short sword       ||     1
 Fire: Shortbow          ||    21
Armor: Leather armour    ||    15
       Ring mail         ||    32
Dodge: Dodged            ||    60

Table legend:
 A = Spawn XP
 B = Non-spawn XP
 C = Spawn XP percentage of total XP
 D = Spawn monster count
 E = Non-spawn monster count
 F = Spawn count percentage of total count
 G = Total turns spent on level
                    A         B        C        D         E        F      G
               +---------+---------+-------+---------+---------+-------+---------
         Total |       0 |      27 |   0.0 |       0 |      12 |   0.0 |   865
               +---------+---------+-------+---------+---------+-------+---------
           D:1 |       0 |      27 |   0.0 |       0 |      12 |   0.0 |   865
               +---------+---------+-------+---------+---------+-------+---------
